 Dungeon Crawl Stone Soup version 0.29.1-1-gd02db6906a (webtiles) character file.

Game seed: 5849405315861051224

786 KamiKatze the Chopper (level 7, -2/76 (87) HPs)
             Began as a Palentonga Berserker on Oct 8, 2022.
             Was a Priest of Trog.
             Slain by a bullfrog (8 damage)
             ... on level 4 of the Dungeon.
             The game lasted 00:14:09 (3103 turns).

KamiKatze the Chopper (Palentonga Berserker)        Turns: 3103, Time: 00:14:10

HP:   -2/76 (87)    AC: -1    Str: 24    XL:     7   Next: 56%
MP:   0/7           EV:  9    Int:  8    God:    Trog [***...]
Gold: 157           SH:  0    Dex:  9    Spells: 6/6 levels left

rFire   . . .      SeeInvis +   a - +0 hand axe
rCold   . . .      Faith    .   (no shield)
rNeg    . . .      Spirit   +   z - +0 ring mail
rPois   +          Reflect  .   (no helmet)
rElec   .          Harm     .   p - +0 cloak
rCorr   .          Rampage  .   (no gloves)
Will    +....                   (no barding)
Stlth   ..........              x - amulet of guardian spirit
HPRegen 0.22/turn               d - ring of willpower
MPRegen 0.10/turn               n - ring of poison resistance

@: berserking, corroded, heavily drained, curled up, very quick
A: large, rugged brown scales 3, see invisible, deformed body, roll 1, armoured
tail, reflexive curl
a: Rolling Charge, Renounce Religion, Berserk, Trog's Hand


You were on level 4 of the Dungeon.
You worshipped Trog.
Trog was most pleased with you.
You visited 1 branch of the dungeon, and saw 4 of its levels.
You also visited: Sewer.

You collected 157 gold pieces.

Inventory:

Hand Weapons
 a - a +0 hand axe (weapon)
 b - a +0 antimagic hand axe
Missiles
 r - 9 poisoned darts (quivered)
Armour
 m - a +0 leather armour
 p - a +0 cloak (worn)
 z - a +0 ring mail (worn)
Jewellery
 d - a ring of willpower (left hand)
 n - a ring of poison resistance (right hand)
 x - an amulet of guardian spirit (around neck)
Wands
 e - a wand of roots (8)
 v - a wand of paralysis (7)
 A - a wand of mindburst (6)
Scrolls
 c - a scroll of fear {unknown}
 g - 2 scrolls of vulnerability {unknown}
 h - 2 scrolls of blinking {unknown}
 i - a scroll of enchant armour {unknown}
 k - a scroll of noise {unknown}
 t - 2 scrolls of teleportation
 y - a scroll of amnesia {unknown}
Potions
 f - 2 potions of brilliance {unknown}
 j - 4 potions of curing
 l - 2 potions of lignification {unknown}
 o - 2 potions of might {unknown}
 q - 2 potions of flight
 s - 2 potions of magic
 u - a potion of mutation {unknown}
 w - a potion of berserk rage {unknown}


   Skills:
 + Level 4.7 Fighting
 * Level 6.1 Axes
 + Level 3.4 Armour
 + Level 3.4 Dodging
 + Level 0.6 Evocations


You had 6 spell levels left.
You didn't know any spells.
Your spell library was empty.

Dungeon Overview and Level Annotations

Branches:
Dungeon (4/15)              Sewer (visited)
 Temple: D:4-7

Altars:


Innate Abilities, Weirdness & Mutations

You are completely covered in rugged brown scales. (AC +3, +7% HP)
You have supernaturally acute eyesight. (SInv)
Armour fits poorly on your strangely shaped body.
You can roll at nearby foes to attack.
You have a long armoured tail.
You curl defensively after being hit. (AC +7*)


Message History

Your hands burn!
The bullfrog hits you but does no damage.
The jelly barely misses you. The necrophage hits you.
You feel drained.
You closely miss the bullfrog.
Your tail-slap misses the bullfrog.
The bullfrog is severely wounded.
You barely miss the necrophage. You hit the jelly.
Your hands burn!
The bullfrog hits you. The jelly hits you but does no damage.
The necrophage hits you but does no damage.
The bullfrog hits you.
You closely miss the bullfrog.
The bullfrog is severely wounded.
You hit the jelly. The acid corrodes you!
Your hands burn!
You hit the necrophage. The bullfrog barely misses you. The jelly hits you.
You are splashed with acid!
* * * LOW HITPOINT WARNING * * *
The necrophage hits you.
* * * LOW HITPOINT WARNING * * *
You feel drained.
A red film seems to cover your vision as you go berserk!
You feel yourself moving faster!
You feel mighty! The bullfrog hits you!
* * * LOW HITPOINT WARNING * * *
The jelly closely misses you. The necrophage hits you.
You feel drained. The bullfrog hits you.
* * * LOW HITPOINT WARNING * * *
You hit the jelly. The acid corrodes you!
Your hands burn!
* * * LOW HITPOINT WARNING * * *
The jelly is almost dead.
You hit the bullfrog. You slash the necrophage! The necrophage hits you!
* * * LOW HITPOINT WARNING * * *
You feel drained.
* * * LOW HITPOINT WARNING * * *
The jelly closely misses you. The bullfrog hits you.
* * * LOW HITPOINT WARNING * * *
You hit the jelly. The acid corrodes you!
Your hands burn!
* * * LOW HITPOINT WARNING * * *
The jelly is almost dead.
You barely miss the bullfrog.
You hit the necrophage but do no damage.
The bullfrog hits you!
You die...

# #..###.........##...# #
##.............####.### #
#)............# #...#
##########..........# ###.#
....................# #.##
....#######.........## #..#
.##.## #..........######.##
.....######....n........###..# #
##.#.....#.....F@........###.###.
##.#####.......J....#..<..##.....
#.. #..#.......).##.##........#
.... #.##........###.......#..##
.. ..#.#....................#..#
......J.#.#........###...........
......##..#........# #......#....
##n.#.##.##.......#####.....#....
..J .....#..####..<...#.........#


You could see a necrophage, a bullfrog and a jelly.

Vanquished Creatures
  Sigmund (D:2)
  A phantom (D:4)
  A kobold brigand (Sewer)
  A scorpion (D:3)
  2 hounds
  2 orc priests (D:3)
  A jelly (D:4)
  Crazy Yiuf (D:2)
  Jessica (D:2)
  An iguana (D:4)
  An orc wizard (D:3)
  A river rat (D:3)
  8 adders (D:4)
  A worm (D:3)
  5 dart slugs
  4 orcs (D:3)
  7 ball pythons
  6 bats
  6 endoplasms
  2 giant cockroaches (D:3)
  10 goblins
  10 hobgoblins
  A jackal (Sewer)
  8 kobolds
  2 quokkas (D:1)
  4 frilled lizards
  11 rats
99 creatures vanquished.

Vanquished Creatures (others)
  9 plants (D:2)
9 creatures vanquished.

Grand Total: 108 creatures vanquished

Notes
Turn   | Place    | Note
-------+----------+-------------------------------------------
     0 | D:1      | KamiKatze the Palentonga Berserker began the quest for the
                  | Orb.
     0 | D:1      | Reached XP level 1. HP: 19/19 MP: 1/1
   134 | D:1      | Found a faded altar of an unknown god.
   245 | D:1      | Reached XP level 2. HP: 25/25 MP: 2/2
   433 | D:1      | Reached ** piety under Trog
   681 | D:2      | Reached XP level 3. HP: 18/31 MP: 3/3
   991 | D:2      | Found Xogastad's Book Boutique.
   991 | D:2      | Noticed Jessica
   992 | D:2      | Killed Jessica
  1019 | D:2      | Reached XP level 4. HP: 37/37 MP: 4/4
  1082 | D:2      | Noticed Sigmund
  1090 | D:2      | Killed Sigmund
  1091 | D:2      | Reached skill level 4 in Axes
  1091 | D:2      | Reached XP level 5. HP: 36/44 MP: 5/5
  1297 | D:2      | Found a runed translucent door.
  1298 | D:2      | Noticed Crazy Yiuf
  1306 | D:2      | Killed Crazy Yiuf
  1671 | D:3      | Reached XP level 6. HP: 46/51 MP: 6/6
  1698 | D:3      | Found a glowing drain.
  1748 | Sewer    | Entered a sewer
  1826 | Sewer    | Reached skill level 5 in Axes
  1891 | Sewer    | Found a glowing silver altar of Zin.
  2168 | D:3      | Reached *** piety under Trog
  2595 | D:4      | Gained mutation: You curl defensively after being hit. (AC
                  | +7*) [Palentonga growth]
  2595 | D:4      | Reached XP level 7. HP: 53/58 MP: 2/7
  2900 | D:3      | Reached skill level 6 in Axes
  3103 | D:4      | Slain by a bullfrog

Illustrated notes

Levels and vault maps discovered:
D:1:      ebering_trefoil_3fold, layout_loops_ring,
          chequers_ecumenical_altar_island, minmay_door_square,
          nicolae_concentric_dashed_squares_wild, minmay_misc_feat_alley
D:2:      layout_loops_ring, serial_shops, shop_fountains, hangedman_decor_push,
          serial_bayou_lagoon_a, uniq_crazy_yiuf_cottage, uniq_jessica,
          uniq_sigmund
D:3:      layout_loops_cross, portal_sewer_entry_e
D:4:      layout_rooms, minmay_snake_closets

Skill      XL: |  1  2  3  4  5  6  7 |
---------------+----------------------+-----
Dodging        | 2 3 |  3.4
Armour         | 2 3 |  3.4
Axes           | 4 5 6 |  6.1
Fighting       | 4 |  4.7
Evocations     | |  0.6

Action                   |  1- 3 |  4- 6 |  7- 9 || total
-------------------------+-------+-------+-------++-------
Melee: Hand axe          |    73 |   133 |    69 ||   275
       Tailslap          |     8 |     9 |     4 ||    21
       Punch             |       |     1 |       ||     1
Throw: Dart              |       |       |     8 ||     8
Invok: Berserk           |     1 |     2 |     1 ||     4
       Trog's Hand       |       |     1 |       ||     1
 Abil: Rolling Charge    |    26 |    17 |     8 ||    51
  Use: Scroll            |       |     3 |     1 ||     4
Armor: Animal skin       |    24 |       |       ||    24
       Leather armour    |     1 |    32 |    23 ||    56
       Ring mail         |       |       |     3 ||     3
Dodge: Dodged            |    27 |    60 |    44 ||   131
